 Dungeon Crawl Stone Soup version 0.17-a0-26-g7f25774 (webtiles) character file.

837 Excaerious the Spear-Bearer (level 7, 0/36 HPs)
             Began as an Imp Gladiator on July 14, 2015.
             Was an Initiate of Kikubaaqudgha.
             Killed from afar by an orc wizard (10 damage)
             ... with a magic dart
             ... on level 5 of the Dungeon.
             The game lasted 00:10:24 (3502 turns).

Excaerious the Spear-Bearer (Imp Gladiator)         Turns: 3502, Time: 00:10:24

Health: 0/36       AC:  4    Str: 14    XL:     7   Next: 66%
Magic:  7/7        EV: 24    Int: 10    God:    Kikubaaqudgha [......]
Gold:   340        SH:  0    Dex: 16    Spells: 1 memorised, 7 levels left

rFire  + . .     SeeInvis .     a - +0 trident
rCold  x . .     Clarity  .     b - +0 animal skin
rNeg   + + +     SustAb   .     (shield restricted)
rPois  ∞         Gourm    .     c - +0 hat
rElec  .         Spirit   .     u - +1 cloak
rCorr  .         Warding  .     (gloves unavailable)
rMut   .         Rnd*Tele +     (boots unavailable)
MR     .....                    (no amulet)
Stlth  +.........               (no ring)
                                i - +3 ring of evasion

@: not resistant to hostile enchantments, very unstealthy
A: unfitting armour, blink 2, fire resistance 1, frail 1, low mp 2, negative
energy resistance 3, regeneration 1, screaming 3, teleportitis 2, torment
resistance, cold vulnerability 1
a: Blink, Renounce Religion


You were on level 5 of the Dungeon.
You worshipped Kikubaaqudgha.
Kikubaaqudgha was noncommittal.
You were not hungry.

You visited 1 branch of the dungeon, and saw 5 of its levels.

You collected 340 gold pieces.

Inventory:

Hand weapons
 a - a +0 trident (weapon)
Missiles
 d - 3 throwing nets (quivered)
Armour
 b - a +0 animal skin (worn)
 c - a +0 hat (worn)
 m - a +0 buckler
 u - a +1 cloak (worn)
Jewellery
 i - a +3 ring of evasion (left hand)
 q - an uncursed ring of invisibility
Magical devices
 y - a wand of frost (26)
 z - a wand of fireball (2)
Scrolls
 l - 2 scrolls of magic mapping
 n - a scroll of noise
 o - 2 scrolls of identify
 s - 2 scrolls of remove curse {unknown}
 w - a scroll of amnesia
 x - 2 scrolls of fog {unknown}
 B - a scroll of enchant armour {unknown}
 G - 4 scrolls of teleportation {unknown}
Potions
 e - a potion of agility
 h - a potion of mutation
 j - a potion of heal wounds {unknown}
 k - 2 potions of resistance
 r - a potion of curing {unknown}
 t - a potion of invisibility {unknown}
 F - a potion of lignification
Books
 A - Kikubaaqudgha's Volume of Stolen Souls
   (You found it on level 4 of the Dungeon)

   Spells                             Type                      Level
   a - Animate Skeleton               Necromancy                   1
 C - Sif Muna's Handbook of Sinister Arts
   (You found it on level 4 of the Dungeon)

   Spells                             Type                      Level
   a - Animate Skeleton               Necromancy                   1
 D - Vehumet's Disquisition on Confrontation
   (You found it on level 4 of the Dungeon)

   Spells                             Type                      Level
   a - Magic Dart                     Conjuration                  1
Comestibles
 f - 4 bread rations
 g - 2 fruits
 p - a beef jerky
 E - 4 chunks of flesh


   Skills:
 - Level 2.4 Fighting
 - Level 10.1 Polearms
 - Level 2.1 Throwing
 * Level 5.7 Dodging
 + Level 1.0 Spellcasting


You had 7 spell levels left.
You knew the following spells:

 Your Spells              Type           Power        Failure   Level  Hunger
a - Animate Skeleton      Necr           N/A          38%         1    ##.....


Dungeon Overview and Level Annotations

Branches:
Dungeon (5/15)             Temple (0/1) D:4

Altars:
Ashenzari
Elyvilon
Gozag
Kikubaaqudgha
Nemelex Xobeh
Okawaru
Sif Muna
Trog
Vehumet
Yredelemnul


Innate Abilities, Weirdness & Mutations

You are immune to poison.
You are tiny and cannot use many weapons and most armour.
You are good at translocating small distances at will.
Your flesh is heat resistant.
You are immune to negative energy.
Your natural rate of healing is unusually fast.
You frequently scream uncontrollably at your foes.
Space sometimes distorts in your vicinity.
You are immune to unholy pain and torment.
You are vulnerable to cold.
You are frail (-10% HP).
Your magical capacity is very low (-20% MP).


Message History

The orc wizard is moderately wounded.
The orc wizard completely misses you. x2
You barely miss the orc wizard.
The orc wizard is moderately wounded.
The orc wizard misses you.
Drink which item? (? for menu, Esc to quit)
It was a potion of mutation.
You feel extremely strange.
You feel less energetic. x2
You feel frail. The orc wizard completely misses you.
You hit the orc wizard.
The orc wizard is heavily wounded.
The orc wizard casts a spell.
The orc wizard blinks!
The orc wizard gestures wildly while chanting.
The orc wizard blinks!
The orc wizard casts a spell at you. The magic dart hits you!
You die...
Kikubaaqudgha rasps: "You have failed me!
Welcome... death!"

#######.#.....######
#.......#..#########
#.##................
#.####.##.###############
#.................
#.#.#####.##.##.# ## #
#.......# .
...#.#.########.#### #.#
......)[..§@....# #.#
.#.#.#.o........# #.#
#########.## #.#
#########... #.#
#......##########.#####
#.................##...
#####......##.............#
#.........###..............
#.........# #............#.


You could see an orc wizard.

Vanquished Creatures
  Grinder (D:3)
  The ghost of Tet the Grasshopper, an average ImWr of Qazlal (D:4)
  A sky beast (D:4)
  The ghost of Tet the Skirmisher, an average ImAK of Lugonu (D:3)
  Crazy Yiuf (D:2)
  An iguana (D:3)
  An orc priest (D:3)
  2 worker ants
  An orc wizard (D:3)
  Jessica (D:3)
  5 adders
  A giant mite (D:4)
  2 worms
  An adder zombie (D:4)
  4 giant geckos (D:2)
  An ooze (D:1)
  6 orcs
  3 giant cockroaches
  5 goblins
  12 hobgoblins
  10 jackals
  5 kobolds
  5 quokkas
  A ball python (D:3)
  9 bats
  A giant gecko skeleton (D:3)
  3 giant newts
  A quokka skeleton (D:4)
  6 rats
92 creatures vanquished.

Vanquished Creatures (collateral kills)
  An orc priest (D:5)
1 creature vanquished.

Vanquished Creatures (others)
  3 jackal skeletons (D:4)
  An orc skeleton (D:5)
4 creatures vanquished.

Grand Total: 97 creatures vanquished

Notes
Turn   | Place    | Note
--------------------------------------------------------------
     0 | D:1      | Excaerious, the Imp Gladiator, began the quest for the Orb.
     0 | D:1      | Reached XP level 1. HP: 13/13 MP: 1/1
   289 | D:1      | Reached XP level 2. HP: 18/18 MP: 2/2
   630 | D:2      | Reached skill level 5 in Polearms
   731 | D:2      | Found an opulent altar of Gozag.
   767 | D:2      | Reached XP level 3. HP: 22/22 MP: 3/3
   805 | D:2      | Found a sparkling altar of Nemelex Xobeh.
   904 | D:2      | Found a shattered altar of Ashenzari.
  1094 | D:2      | Reached XP level 4. HP: 24/27 MP: 4/4
  1119 | D:2      | Reached skill level 6 in Polearms
  1201 | D:2      | Noticed Crazy Yiuf
  1214 | D:2      | Killed Crazy Yiuf
  1442 | D:3      | Noticed Tet's ghost (average ImAK)
  1458 | D:3      | Killed Tet's ghost
  1458 | D:3      | Reached skill level 7 in Polearms
  1458 | D:3      | Reached XP level 5. HP: 27/31 MP: 5/5
  1536 | D:3      | Noticed Grinder
  1552 | D:3      | Paralysed by Grinder for 3 turns
  1570 | D:3      | Killed Grinder
  1570 | D:3      | Reached skill level 9 in Polearms
  1570 | D:3      | Reached XP level 6. HP: 36/36 MP: 6/6
  1744 | D:3      | Noticed Jessica
  1823 | D:3      | Killed Jessica
  2341 | D:3      | Gained mutation: Your flesh is heat resistant. [demonic growth]
  2341 | D:3      | Gained mutation: You are vulnerable to cold. [demonic growth]
  2341 | D:3      | Reached XP level 7. HP: 40/40 MP: 7/7
  2392 | D:3      | Found a bloodstained altar of Trog.
  2394 | D:3      | Found an iron altar of Okawaru.
  2610 | D:4      | Reached skill level 10 in Polearms
  2617 | D:4      | Found a white marble altar of Elyvilon.
  2787 | D:4      | Found a staircase to the Ecumenical Temple.
  2794 | D:4      | Noticed Tet's ghost (average ImWr)
  2956 | D:4      | Found an ancient bone altar of Kikubaaqudgha.
  2960 | D:4      | Identified Kikubaaqudgha's Volume of Stolen Souls
  2964 | D:4      | Found a deep blue altar of Sif Muna.
  2968 | D:4      | Identified Sif Muna's Handbook of Sinister Arts
  2972 | D:4      | Found a radiant altar of Vehumet.
  2976 | D:4      | Identified Vehumet's Disquisition on Confrontation
  2979 | D:4      | Learned a level 1 spell: Animate Skeleton
  2996 | D:4      | Became a worshipper of Kikubaaqudgha
  3144 | D:4      | Killed Tet's ghost
  3144 | D:4      | Reached skill level 5 in Dodging
  3144 | D:4      | Reached skill level 1 in Spellcasting
  3168 | D:5      | Entered Level 5 of the Dungeon
  3249 | D:5      | Found a basalt altar of Yredelemnul.
  3499 | D:5      | Gained mutation: Your magical capacity is low (-10% MP). [potion of mutation]
  3499 | D:5      | Gained mutation: Your magical capacity is very low (-20% MP). [potion of mutation]
  3499 | D:5      | Gained mutation: You are frail (-10% HP). [potion of mutation]
  3502 | D:5      | Killed from afar by an orc wizard

Action                   |  1- 3 |  4- 6 |  7- 9 || total
-------------------------+-------+-------+-------++-------
Melee: Trident           |   117 |   161 |   151 ||   429
 Cast: Animate Skeleton  |       |       |     5 ||     5
  Use: Scroll            |     2 |     2 |       ||     4
       Potion            |       |       |     4 ||     4
 Stab: Sleeping          |     1 |       |     1 ||     2
  Eat: Chunk             |     1 |     3 |     2 ||     6
       Bread ration      |       |       |     1 ||     1
